 Dungeon Crawl Stone Soup version 0.22-a0-417-g1387785 (webtiles) character file.

591988 Mgcat the Phalangite (level 26, -13/246 HPs)
             Began as a Centaur Fighter on May 14, 2018.
             Was the Champion of Okawaru.
             Killed from afar by an electric golem (26 damage)
             ... with a bolt of lightning
             ... on level 5 of the Realm of Zot.
             The game lasted 03:48:05 (67356 turns).

Mgcat the Phalangite (Centaur Fighter)             Turns: 67356, Time: 03:48:06

Health: -13/246    AC: 48    Str: 34    XL:     26   Next: 24%
Magic:  48/48      EV: 14    Int:  7    God:    Okawaru [******]
Gold:   3426       SH:  0    Dex: 13    Spells: 25/25 levels left

rFire    + + .     SeeInvis .   a - +9 bardiche (freeze)
rCold    + + +     Gourm    +   (shield currently unavailable)
rNeg     + + .     Faith    .   N - +0 crystal plate armour of Weightlessness {rCorr}
rPois    +         Spirit   .   m - +2 hat {MR+}
rElec    .         Reflect  .   H - +2 cloak {rPois}
rCorr    +         Harm     .   n - +2 pair of gloves {Str+3}
MR       ++++.     Rnd*Rage +   e - +7 centaur barding "Elulunt" {rN++ Int-4 Slay+4 Stlth+}
Stlth    ..........             U - amulet of Oledwyci {Gourm rF+ MR+ MP+9 Str+3}
HPRegen  0.51/turn              p - ring of Atheism {*Corrode rF+ rC+++ MP+9 Int+3}
MPRegen  0.31/turn              S - ring of protection from magic {MR+, !d}

@: heroism, finesse, very quick
A: large, hooves 3, camouflage 1, berserk 1, deformed body, speed 2, strong 1,
tough skin 3, subdued magic 1
}: 3/15 runes: serpentine, barnacled, silver
a: Heroism, Finesse, Renounce Religion


You were on level 5 of the Realm of Zot.
You worshipped Okawaru.
Okawaru was exalted by your worship.
You were very full.

You visited 9 branches of the dungeon, and saw 47 of its levels.
You visited 1 bazaar.
You also visited: Labyrinth and Ice Cave.

You collected 7064 gold pieces.
You spent 3638 gold pieces at shops.

Inventory:

Hand Weapons
 a - a +9 bardiche of freezing (weapon)
   (You took it off Saint Roka on level 1 of the Vaults)
 b - the +5 shortbow "Didwus" {speed, rF+ Str+3}
   (Okawaru gifted it to you on level 6 of the Lair of Beasts)

   Attacks with this weapon are significantly faster.
   It affects your strength (+3).
   It protects you from fire.
 d - the +2 glaive "Joarer" {freeze, rPois MR+ Str-2 Dex+7}
   (Okawaru gifted it to you on level 2 of the Depths)

   It has been specially enchanted to freeze those struck by it, causing extra
   injury to most foes and up to half again as much damage against particularly
   susceptible opponents.
   It can also slow down cold-blooded creatures.
   It affects your strength (-2).
   It affects your dexterity (+7).
   It protects you from poison.
   It affects your resistance to hostile enchantments.
Missiles
 z - 1599 arrows
 D - 9 throwing nets {=f, !d}
Armour
 c - a +1 cloak
   (You took it off a draconian scorcher on level 3 of the Realm of Zot)
 e - the +7 centaur barding "Elulunt" (worn) {rN++ Int-4 Slay+4 Stlth+}
   (Okawaru gifted it to you on level 2 of the Lair of Beasts)

   It affects your intelligence (-4).
   It affects your accuracy and damage with ranged weapons and melee attacks
   (+4).
   It greatly protects you from negative energy.
   It makes you more stealthy.
 g - a +1 cloak
   (You took it off a draconian annihilator on level 3 of the Realm of Zot)
 m - a +2 hat of magic resistance (worn)
   (Okawaru gifted it to you on level 2 of the Realm of Zot)
 n - a +2 pair of gloves of strength (worn)
   (You found it in an ice cave)
 r - a +2 cloak
   (You took it off a draconian shifter on level 4 of the Realm of Zot)
 H - a +2 cloak of poison resistance (worn)
   (You took it off Maurice on level 11 of the Dungeon)
 N - the +0 crystal plate armour of Weightlessness (worn) {rCorr}
   (Okawaru gifted it to you on level 4 of the Depths)

   It protects you from acid and corrosion.
Jewellery
 p - the ring of Atheism (left hand) {*Corrode rF+ rC+++ MP+9 Int+3}
   (You bought it in a shop on level 2 of the Depths)

   [ring of protection from fire]

   It affects your intelligence (+3).
   It protects you from fire.
   It renders you almost immune to cold.
   It affects your magic capacity (+9).
   It may corrode you when you take damage.
 q - an uncursed ring of wizardry {Wiz+, !d}
   (You found it on level 5 of the Dungeon)
 y - an uncursed ring of see invisible {sInv, !d}
   (You took it off a hobgoblin on level 3 of the Dungeon)
 M - the ring of Robustness {AC+8}
   (You found it in a labyrinth)

   [ring of protection]

   It affects your AC (+8).
 S - a ring of protection from magic (right hand) {MR+, !d}
   (You found it on level 5 of the Lair of Beasts)
 U - the amulet of Oledwyci (around neck) {Gourm rF+ MR+ MP+9 Str+3}
   (You found it in a labyrinth)

   [amulet of the gourmand]

   It allows you to eat raw meat even when not hungry.
   It affects your strength (+3).
   It protects you from fire.
   It affects your resistance to hostile enchantments.
   It affects your magic capacity (+9).
Wands
 x - a wand of digging (14)
   (You took it off a yaktaur on level 5 of the Vaults)
 F - a wand of iceblast (18)
   (You found it on level 3 of the Vaults)
 J - a wand of scattershot (12)
   (You found it on level 8 of the Dungeon)
 K - a wand of clouds (6)
   (You found it on level 4 of the Vaults)
 T - a wand of acid (29)
   (You took it off a gnoll on level 11 of the Dungeon)
Scrolls
 i - 22 scrolls of teleportation
 j - 4 scrolls of fog
 k - 33 scrolls of identify
 w - 14 scrolls of remove curse
 G - 6 scrolls of blinking {!r}
 Q - 2 scrolls of magic mapping {!r}
Potions
 h - 7 potions of ambrosia
 o - 2 potions of berserk rage {!q}
 s - 4 potions of mutation {!q}
 t - 3 potions of agility
 u - 8 potions of curing
 v - 4 potions of flight
 C - 3 potions of might
 E - a potion of resistance
 I - 3 potions of invisibility
 P - 5 potions of cancellation
Comestibles
 f - 95 rations
 l - 5 chunks of flesh {@w0}


   Skills:
 + Level 21.8(26.8) Fighting
 + Level 23.6(27) Polearms
 - Level 14.0(19.0) Bows
 + Level 16.4(21.4) Armour
 + Level 17.4(22.4) Dodging
   Level 2.1(7.1) Shields
 - Level 10.0 Invocations


You had 25 spell levels left.
You didn't know any spells.
Your spell library contained the following spells:

 Spells                   Type           Power        Failure   Level  Hunger
 Cause Fear               Hex            #.........   100%        4    #####..
 Apportation              Tloc           #.....       96%         1    ##.....
 Bolt of Cold             Conj/Ice       #.........   100%        6    #######
 Lightning Bolt           Conj/Air       #.........   100%        5    ######.
 Slow                     Hex            #.......     99%         2    ###....
 Confuse                  Hex            #.......     100%        3    ####...
 Freezing Cloud           Conj/Ice/Air   #.........   100%        6    #######
 Ring of Flames           Chrm/Fire      #.........   100%        7    #######
 Teleport Other           Tloc           #.......     100%        3    ####...
 Summon Small Mammal      Summ           #...         96%         1    ##.....
 Pain                     Necr           #...         96%         1    ##.....
 Animate Skeleton         Necr           N/A          96%         1    ##.....
 Vampiric Draining        Necr           #.........   100%        3    ####...
 Ozocubu's Refrigeration  Ice            #.........   100%        6    #######
 Summon Ice Beast         Ice/Summ       #.......     100%        4    #####..
 Call Imp                 Summ           #.......     99%         2    ###....
 Dispel Undead            Necr           #.......     100%        5    ######.
 Tukima's Dance           Hex            #.......     100%        3    ####...
 Stone Arrow              Conj/Erth      #.....       100%        3    ####...
 Swiftness                Chrm/Air       #.......     99%         2    ###....
 Spider Form              Tmut/Pois      #.........   100%        3    ####...
 Blade Hands              Tmut           #.........   100%        5    ######.
 Statue Form              Tmut/Erth      #........    100%        6    #######
 Ice Form                 Ice/Tmut       #.......     100%        4    #####..
 Dragon Form              Tmut           #.........   100%        7    #######
 Deflect Missiles         Chrm/Air       #.........   100%        6    #######
 Confusing Touch          Hex            #.....       96%         1    ##.....
 Ignite Poison            Fire/Tmut/Pois #.......     100%        3    ####...
 Sticks to Snakes         Tmut           #.......     99%         2    ###....
 Call Canine Familiar     Summ           #.......     100%        3    ####...
 Ensorcelled Hibernation  Hex/Ice        #.....       99%         2    ###....
 Metabolic Englaciation   Hex/Ice        #.........   100%        5    ######.
 Silence                  Hex/Air        #.........   100%        5    ######.
 Shatter                  Erth           #.........   100%        9    #######
 Static Discharge         Conj/Air       #.......     100%        3    ####...
 Corona                   Hex            #......      96%         1    ##.....
 Simulacrum               Ice/Necr       #.........   100%        6    #######
 Conjure Ball Lightning   Conj/Air       #.........   100%        6    #######
 Portal Projectile        Hex/Tloc       #.....       100%        3    ####...
 Tornado                  Air            #.........   100%        9    #######
 Leda's Liquefaction      Hex/Erth       #.........   100%        4    #####..
 Shroud of Golubria       Chrm/Tloc      #.........   99%         2    ###....
 Inner Flame              Hex/Fire       #.......     100%        3    ####...
 Beastly Appendage        Tmut           #.....       96%         1    ##.....
 Dazzling Spray           Conj/Hex       #.....       100%        3    ####...
 Discord                  Hex            #.........   100%        8    #######
 Summon Lightning Spire   Summ/Air       #.......     100%        4    #####..
 Summon Guardian Golem    Hex/Summ       #.......     100%        3    ####...
 Hydra Form               Tmut           #.........   100%        6    #######
 Irradiate                Conj/Tmut      #.........   100%        5    ######.
 Yara's Violent Unravell  Hex/Tmut       #.........   100%        5    ######.
 Ignition                 Fire           #.........   100%        8    #######


Dungeon Overview and Level Annotations

Branches:
Dungeon (15/15)            Temple (1/1) D:5            Lair (6/6) D:8
 Shoals (4/4) Lair:2        Snake (4/4) Lair:3        Slime (0/5) Lair:5
    Orc (2/2) D:10            Elf (0/3) Orc:2        Vaults (5/5) D:14
  Crypt (0/3) Vaults:2     Depths (5/5) D:15            Zot (5/5) Depths:5

Altars:
Ashenzari
Cheibriados
Elyvilon
Fedhas
Hepliaklqana
Kikubaaqudgha
Makhleb
Okawaru
Sif Muna
Trog
Uskayaw
Vehumet
The Shining One

Shops:
Orc:2 (*?!   Shoals:1 (}   Shoals:3 }?   Shoals:4 (   Vaults:1 *   Vaults:4 :
Depths:2 *=***   Depths:5 :[!

Portals:
Hell: Depths:1 Depths:2 Depths:3 Depths:4 Depths:5
Abyss: Depths:4
Pandemonium: Depths:1 Depths:3 Depths:4 Depths:5
Ziggurat: Depths:1

Annotations:
Depths:1 exclusion: downstairs
Depths:2 3 runed doors
Zot:4 2 transporters
Zot:5 1 exclusion, PeterLawrence's ghost, legendary MiFi


Innate Abilities, Weirdness & Mutations

You have hooves in place of feet.
Armour fits poorly on your strangely shaped body.
You cover ground very quickly.
You have extremely tough skin. (AC +3)
Your skin changes colour to match your surroundings (Stealth+).
You tend to lose your temper in combat.
Your muscles are strong. (Str +2)
Your spells are a little easier to cast, but a little less powerful.


Message History

The bolt of lightning misses PeterLawrence's ghost.
The bolt of lightning misses you. x2
Unknown command.
Unknown command.
Unknown command.
Unknown command.
You slash PeterLawrence's ghost! You freeze PeterLawrence's ghost.
Your kick misses PeterLawrence's ghost.
PeterLawrence's ghost is lightly damaged.
PeterLawrence's ghost hits you but does no damage.
You hit PeterLawrence's ghost but do no damage.
You kick PeterLawrence's ghost, but do no damage.
PeterLawrence's ghost is lightly damaged.
You feel sick.
The electric golem hurls lightning at you.
The bolt of lightning hits the black draconian.
The black draconian completely resists.
The bolt of lightning misses PeterLawrence's ghost.
The bolt of lightning misses you. The bolt of lightning hits you!
Okay, then.
Unknown command.
Unknown command.
Unknown command.
The electric golem crackles and sizzles.
PeterLawrence's ghost hits you!
Really read
G - 7 scrolls of blinking {!r}?
Okay, then.
Unknown command.
Unknown command.
Unknown command.
Unknown command.
Unknown command.
Unknown command.
Unknown command.
Evoke which item? (* to show all) (? for menu, Esc to quit)
Aiming: Dig
Press: ? - help, Shift-Dir - straight line The rock shatters into small pieces.
You hear a distant "Zot"!
The black draconian barely misses you.
PeterLawrence's ghost hits you but does no damage.
The black draconian barely misses you. PeterLawrence's ghost hits you!
You hear a distant "Zot"!
The electric golem blinks!
The black draconian breathes lightning at you.
The bolt of lightning hits you!
* * * LOW HITPOINT WARNING * * *
The bolt of lightning hits you!
You hear a distant "Zot"!
The electric golem hurls lightning at you.
The bolt of lightning misses you.
You feel sick.
The white draconian breathes frost at you.
The chilling blast hits you!
The electric golem hits you but does no damage. x2
The electric golem barely misses you. x2
Okay, then.
Unknown command.
Unknown command.
Unknown command.
Unknown command.
Unknown command.
Unknown command.
Really read
G - 7 scrolls of blinking {!r}?
Your blink will be uncontrolled - continue anyway?
Okay, then.
Unknown command.
Unknown command.
As you read the scroll of fog, it crumbles to dust.
The scroll dissolves into smoke.
The electric golem hurls lightning at you.
The bolt of lightning hits you!
* * * LOW HITPOINT WARNING * * *
PeterLawrence's ghost hits you!
* * * LOW HITPOINT WARNING * * *
The electric golem hurls lightning at you.
The bolt of lightning misses you. What are your orders? t - Shout!
Orders for allies: a - Attack new target. r - Retreat! s - Stop attacking. g - Guard the area. f - Follow me.
Anything else - Cancel.
Okay, then.
Unknown command.
Really read
G - 7 scrolls of blinking {!r}?
Your blink will be uncontrolled - continue anyway?
The Orb prevents control of your translocation!
You blink.
As you read the scroll of blinking {!r}, it crumbles to dust.
You feel sick.
You are no longer poisoned.
The electric golem hurls lightning at you.
The bolt of lightning hits you!
* * * LOW HITPOINT WARNING * * *
You hear a distant "Zot"!
The electric golem hurls lightning at you.
The bolt of lightning hits you!
You die...

*,,,,,,,,#.#.##§§...#*,,,,,,,,,
*******#.#...W§§§...#*,,,,,,,,,
#.###§#§§§...#*,,,,,,,,,
#....§§§§§§..#*,********
##...§§d8§§§###.# *,,,
*****###..§§§§§.§.# #.# *,**
*,,,,.....§§§#....#*#.#**##,**
*,,,,........#....+,...,,,...,
*,,,,........@....#*#.#***#.#*
******##.....#....# #.# #.##
#.....###+## #.# #...
#.....###+####'#####...
#................##....
#................##....
#......................
######............##...
#................#


You could see an electric golem.

Vanquished Creatures
  3 orbs of fire
  Mara (Snake:4)
  2 ancient liches
  Sojobo (Depths:2)
  3 Killer Klowns (Zot:3)
  Saint Roka (Vaults:1)
  3 caustic shrikes
  3 curse toes
  5 golden dragons
  A bone dragon (Vaults:2)
  An electric golem (Zot:1)
  23 tentacled monstrosities
  Rupert (D:13)
  An Orb Guardian (Zot:5)
  5 liches
  3 quicksilver dragons
  Gastronok (Lair:3)
  5 titans
  3 sphinxes
  8 death cobs
  Kirke (Shoals:2)
  7 tengu reavers
  7 storm dragons
  A kraken (Shoals:4)
  12 shadow dragons
  Ilsuiw (Shoals:4)
  2 draconian monks
  14 nagarajas
  2 ghost moths
  11 fire giants
  7 draconian scorchers
  5 iron dragons
  A frost giant (shapeshifter) (Vaults:5)
  5 deep elf sorcerers
  7 draconian knights
  A balrug (Depths:1)
  13 vault wardens
  A caustic shrike zombie (Depths:1)
  Aizul (Vaults:1)
  11 frost giants
  9 draconian stormcallers
  5 draconian shifters
  4 draconian annihilators
  18 stone giants
  A war gargoyle (Vaults:5)
  12 very ugly things
  11 ironheart preservers
  An entropy weaver (shapeshifter) (Vaults:5)
  3 vampire knights
  7 black draconians
  A minotaur (Lab)
  4 entropy weavers
  Azrael (Snake:1)
  11 green draconians
  A deep elf demonologist (Vaults:5)
  A dire elephant (Lair:4)
  4 deep elf annihilators
  15 white draconians
  4 purple draconians
  16 yellow draconians
  20 ettins
  18 red draconians
  3 deep elf death magi
  A merfolk javelineer (Shoals:3)
  2 spark wasps
  Josephine (D:13)
  The ghost of Nib the Fighter, a journeyman MiCK of Xom (D:12)
  3 fire dragons
  A crystal guardian (Vaults:3)
  7 merfolk impalers
  16 yaktaur captains
  A deep elf high priest (Vaults:5)
  6 great orbs of eyes
  8 hydras
  10 ice dragons
  A hell beast (Depths:3)
  2 rakshasas
  2 spriggan air magi (Depths:3)
  15 naga warriors
  Fannar (Lair:3)
  28 vault guards
  4 alligator snapping turtles
  6 centaur warriors
  11 anacondas
  10 merfolk avatars
  The ghost of Borgoz the Cleaver, a novice DDBe of Trog (D:7)
  2 catoblepae
  2 satyrs (Shoals:4)
  5 dancing weapons
  38 two-headed ogres
  10 merfolk aquamancers
  17 naga sharpshooters
  A death knight (D:13)
  15 ogre magi
  A titan zombie (Vaults:5)
  4 tengu warriors
  14 deep troll shamans
  A shock serpent (shapeshifter) (Depths:5)
  2 vampire magi (Depths:1)
  4 spriggan berserkers
  A shadow wraith (Vaults:2)
  7 deep troll earth magi
  3 soul eaters (Depths:4)
  8 shock serpents
  4 deep elf knights
  2 sun demons (Depths:1)
  Nergalle (D:12)
  10 hell knights
  2 death drakes (shapeshifter)
  6 iron trolls
  A skeletal warrior (Depths:4)
  20 deep trolls
  24 sea snakes
  4 unseen horrors
  A spectral hydra (Depths:4)
  8 flayed ghosts
  A deep troll (shapeshifter) (Vaults:5)
  3 deep elf archers
  2 glowing orange brains
  Pikel (D:6)
  A swamp dragon (shapeshifter) (Depths:2)
  13 orc knights
  A lindwurm (shapeshifter) (Vaults:5)
  18 ironbrand convokers
  7 phantasmal warriors
  3 orange crystal statues
  The ghost of Mgcat the Skirmisher, a novice VSFi of Okawaru (D:6)
  3 lindwurms
  3 wolf spiders
  12 harpies
  8 wizards
  3 naga ritualists
  11 necromancers
  56 ugly things
  13 deep elf magi
  4 mana vipers
  A human zombie (Vaults:5)
  4 orc sorcerers
  13 cyclopes
  13 fauns
  A sphinx skeleton (Depths:1)
  11 manticores
  A cyclops (shapeshifter) (Vaults:3)
  6 salamanders
  28 moths of wrath
  A manticore (shapeshifter) (Depths:1)
  4 centaur zombies
  2 fire giant skeletons
  11 merfolk sirens
  Joseph (D:8)
  15 vault sentinels
  16 naga magi
  Maurice (D:11)
  10 guardian serpents
  3 centaur skeletons
  5 water nymphs
  14 elephants
  29 black mambas
  2 smoke demons (Depths:3)
  2 ice statues (IceCv)
  23 spiny frogs
  4 rime drakes
  A redback zombie (D:13)
  47 yaktaurs
  An efreet (Zot:1)
  An anaconda simulacrum (Depths:4)
  10 ice devils
  7 freezing wraiths
  A human skeleton (Vaults:1)
  3 spectral merfolk (Depths:4)
  A komodo dragon (Lair:2)
  29 merfolk
  3 tengu conjurers
  2 jumping spiders (Vaults:4)
  3 polar bears
  2 queen bees (shapeshifter) (Depths:4)
  A meliai (shapeshifter) (Vaults:5)
  2 wind drakes (Shoals:4)
  10 trolls
  3 raiju
  14 blink frogs
  Grinder (D:5)
  14 hornets
  10 slime creatures
  A raiju (shapeshifter) (Vaults:4)
  8 dream sheep
  A hippogriff (shapeshifter) (Vaults:3)
  A frost giant simulacrum (Vaults:1)
  2 stone giant simulacra
  6 snapping turtles
  A slime creature (shapeshifter) (Vaults:5)
  A fire dragon skeleton (Depths:1)
  14 hippogriffs
  7 shadows
  20 spriggans
  3 vampires
  15 water elementals
  2 tarantellas
  18 wraiths
  25 fire elementals
  A hog (shapeshifter) (Vaults:1)
  5 wyverns
  3 redbacks
  20 yaks
  An ettin skeleton (Depths:1)
  A human simulacrum (Vaults:2)
  The ghost of tstbtto the Chopper, an amateur DrFi (D:4)
  A fire bat (shapeshifter) (Depths:3)
  6 basilisks
  3 hogs (Shoals:2)
  A human (shapeshifter) (Vaults:2)
  3 vampire mosquitoes (D:14)
  A steam dragon (Shoals:1)
  Grum (D:9)
  7 hungry ghosts
  Edmund (D:5)
  A chaos spawn (Depths:3)
  2 swamp worms (shapeshifter)
  A minotaur simulacrum (Depths:4)
  9 wargs
  A soldier ant (shapeshifter) (Vaults:3)
  53 nagas
  5 acid dragons
  11 hell hounds
  22 water moccasins
  4 floating eyes
  11 porcupines
  A deep troll skeleton (Vaults:5)
  A spectral spriggan (Depths:4)
  2 spectral trolls (Depths:4)
  A spriggan simulacrum (Depths:1)
  37 orc warriors
  7 sky beasts
  5 black bears
  An ice dragon simulacrum (Depths:1)
  A slave (D:6)
  An eye of draining (shapeshifter) (Vaults:2)
  An eye of draining (D:10)
  5 ice beasts
  53 ogres
  28 boggarts
  41 wolves
  20 centaurs
  7 crocodiles
  A big kobold (D:8)
  15 bullfrogs
  A bullfrog (shapeshifter) (Depths:2)
  A gnoll sergeant (D:9)
  A merfolk simulacrum (Depths:4)
  2 wyvern skeletons
  2 water moccasin skeletons
  6 scorpions
  6 killer bees (D:11)
  An orc simulacrum (Vaults:2)
  6 wights
  5 spectral centaurs (Depths:4)
  10 electric eels
  10 crimson imps
  3 bullfrog zombies
  A howler monkey (D:9)
  3 hounds
  4 jellies
  22 orc priests
  Crazy Yiuf (D:3)
  22 orc wizards
  5 iguanas
  A troll simulacrum (Depths:4)
  13 worker ants
  A hound skeleton (D:11)
  Robin (D:3)
  A worker ant zombie (D:10)
  11 gnolls
  2 howler monkey skeletons
  18 adders
  7 shadow imps
  11 white imps
  10 ufetubi
  4 oozes
  An adder zombie (D:6)
  4 adder skeletons
  6 worms
  A dart slug (D:3)
  7 leopard geckos
  88 orcs
  6 ball pythons
  8 bats
  10 giant cockroaches
  14 goblins
  10 hobgoblins
  6 jackals
  8 quokkas
  8 frilled lizards
  11 kobolds
  A leopard gecko skeleton (D:9)
  4 rats
2175 creatures vanquished.

Vanquished Creatures (collateral kills)
  A merfolk javelineer (Shoals:4)
  A merfolk siren (Shoals:4)
  A merfolk (Shoals:4)
  A wind drake (Shoals:4)
4 creatures vanquished.

Vanquished Creatures (others)
  Asterion (Depths:2)
  A draconian knight (Zot:3)
  A reaper (IceCv)
  A black draconian (Zot:3)
  A merfolk aquamancer (Shoals:3)
  A shadow wraith (Depths:4)
  A water elemental (Shoals:4)
  A human (Shoals:2)
  An orc priest (D:6)
  2 orc wizards (D:8)
  A worker ant (D:6)
  An adder (D:7)
  3 white imps (IceCv)
  3 ufetubi (IceCv)
  3 orcs
  5 fungi
  16 plants
  8 tentacles (Shoals:4)
51 creatures vanquished.

Grand Total: 2230 creatures vanquished

Notes
Turn   | Place    | Note
-------+----------+-------------------------------------------
     0 | D:1      | Mgcat the Centaur Fighter began the quest for the Orb.
     0 | D:1      | Reached XP level 1. HP: 19/19 MP: 1/1
    48 | D:1      | Reached skill level 2 in Polearms
    54 | D:1      | Reached XP level 2. HP: 25/26 MP: 2/2
   903 | D:2      | Reached XP level 3. HP: 23/33 MP: 3/3
  1317 | D:2      | Reached skill level 4 in Fighting
  1317 | D:2      | Reached skill level 3 in Polearms
  1370 | D:2      | Reached XP level 4. HP: 38/40 MP: 4/4
  1566 | D:3      | Found a hide-covered altar of Uskayaw.
  1684 | D:3      | Found a white marble altar of Elyvilon.
  1733 | D:3      | You fall through a shaft!
  1769 | D:4      | Reached XP level 5. HP: 20/47 MP: 5/5
  1904 | D:4      | Noticed an ogre
  1912 | D:4      | Noticed an ogre
  1931 | D:4      | Killed an ogre
  1931 | D:4      | Reached skill level 5 in Fighting
  1931 | D:4      | Reached skill level 4 in Polearms
  1939 | D:4      | HP: 12/48 [ogre/giant spiked club (8)]
  1967 | D:4      | HP: 7/48 [ogre/giant spiked club (9)]
  1982 | D:4      | Killed an ogre
  1982 | D:4      | Reached XP level 6. HP: 10/56 MP: 6/6
  2359 | D:3      | Noticed Robin
  2382 | D:3      | Killed Robin
  2537 | D:3      | HP: 11/57 [gnoll/spear of venom (5)]
  2556 | D:3      | HP: 14/57 [poisoned by a gnoll]
  2562 | D:3      | HP: 11/57 [poisoned by a gnoll]
  2567 | D:3      | HP: 9/57 [poisoned by a gnoll]
  2572 | D:3      | HP: 8/57 [poisoned by a gnoll]
  2579 | D:3      | HP: 7/57 [poisoned by a gnoll]
  2587 | D:3      | HP: 7/57 [poisoned by a gnoll]
  3157 | D:3      | Found a runed door.
  3716 | D:4      | Noticed a sky beast
  3728 | D:4      | Killed a sky beast
  3728 | D:4      | Reached skill level 6 in Fighting
  3728 | D:4      | Reached skill level 5 in Polearms
  3728 | D:4      | Reached XP level 7. HP: 63/63 MP: 7/7
  3806 | D:4      | Noticed tstbtto's ghost (amateur DrFi)
  4326 | D:5      | Entered Level 5 of the Dungeon
  4410 | D:5      | Found a staircase to the Ecumenical Temple.
  4421 | Temple   | Entered the Ecumenical Temple
  4427 | Temple   | Became a worshipper of Warmaster Okawaru
  4443 | D:5      | Noticed Edmund
  4471 | D:5      | Killed Edmund
  4590 | D:5      | Reached * piety under Okawaru
  4590 | D:5      | Reached skill level 7 in Fighting
  4590 | D:5      | Reached skill level 6 in Polearms
  4636 | D:5      | Reached XP level 8. HP: 67/73 MP: 8/8
  5019 | D:5      | Found a glowing golden altar of the Shining One.
  5294 | D:5      | Noticed Grinder
  5520 | D:6      | Noticed Mgcat's ghost (novice VSFi)
  5539 | D:6      | Killed Mgcat's ghost
  5539 | D:6      | Reached ** piety under Okawaru
  5539 | D:6      | Reached skill level 8 in Fighting
  5539 | D:6      | Reached skill level 7 in Polearms
  5539 | D:6      | Reached skill level 2 in Invocations
  5768 | D:6      | Reached skill level 3 in Invocations
  5837 | D:6      | Reached XP level 9. HP: 70/82 MP: 11/11
  5847 | D:6      | Got a faintly humming robe
  5882 | D:6      | Noticed Pikel
  5905 | D:6      | Killed Pikel
  5905 | D:6      | Reached *** piety under Okawaru
  5905 | D:6      | Reached skill level 9 in Fighting
  5905 | D:6      | Reached skill level 4 in Invocations
  5918 | D:6      | Reached skill level 8 in Polearms
  5923 | D:6      | HP: 16/83 [orc priest/divine providence (14)]
  6277 | D:6      | Found an ancient bone altar of Kikubaaqudgha.
  6277 | D:6      | Found a snail-covered altar of Cheibriados.
  6435 | D:6      | Found a hazy altar of Hepliaklqana.
  6502 | D:6      | Reached skill level 5 in Invocations
  6616 | D:7      | Noticed Borgoz's ghost (novice DDBe)
  7135 | D:3      | Noticed Crazy Yiuf
  7148 | D:3      | Killed Crazy Yiuf
  7315 | D:4      | Killed tstbtto's ghost
  7315 | D:4      | Reached **** piety under Okawaru
  7424 | D:5      | Paralysed by Grinder for 2 turns
  7433 | D:5      | Killed Grinder
  7433 | D:5      | Reached skill level 6 in Invocations
  7594 | D:5      | Reached XP level 10. HP: 80/93 MP: 14/14
  7982 | D:7      | Reached skill level 10 in Fighting
  8126 | D:7      | Killed Borgoz's ghost
  8126 | D:7      | Reached skill level 9 in Polearms
  8375 | D:8      | Reached skill level 1 in Dodging
  8576 | D:8      | Found a staircase to the Lair.
  8609 | D:8      | Reached ***** piety under Okawaru
  8618 | D:8      | Reached skill level 7 in Invocations
  8790 | D:8      | Noticed Joseph
  8859 | D:8      | Killed Joseph
  8859 | D:8      | Reached skill level 3 in Armour
  9256 | D:8      | Found a shattered altar of Ashenzari.
  9387 | D:8      | Reached skill level 2 in Dodging
  9738 | D:9      | Reached skill level 1 in Bows
  9963 | D:9      | Received a gift from Okawaru
  9963 | D:9      | Reached skill level 2 in Bows
  9967 | D:9      | Reached XP level 11. HP: 91/101 MP: 16/16
 10034 | D:9      | Noticed a deep elf mage
 10055 | D:9      | Killed a deep elf mage
 10140 | D:9      | Noticed Grum
 10166 | D:9      | Killed Grum
 10368 | D:9      | Received a gift from Okawaru
 10378 | D:9      | Reached skill level 3 in Bows
 10378 | D:9      | Reached skill level 8 in Invocations
 10422 | D:9      | Noticed a two-headed ogre
 10487 | D:9      | Killed a two-headed ogre
 10487 | D:9      | Reached skill level 3 in Dodging
 10992 | D:10     | Entered Level 10 of the Dungeon
 10992 | D:10     | Noticed a two-headed ogre
 11011 | D:9      | Killed a two-headed ogre
 11011 | D:9      | Reached skill level 4 in Bows
 11011 | D:9      | Reached skill level 4 in Armour
 11261 | D:10     | Noticed a centaur warrior
 11285 | D:10     | Killed a centaur warrior
 11285 | D:10     | Received a gift from Okawaru
 11285 | D:10     | Reached skill level 11 in Fighting
 11285 | D:10     | Reached skill level 10 in Polearms
 11289 | D:10     | Got a twisted centaur barding {god gift}
 11295 | D:10     | Identified the +0 centaur barding of the Forgotten Ghosts {Stlth+} (Okawaru gifted it to you on level 10 of the Dungeon)
 11510 | D:10     | Noticed a deep elf mage
 11514 | D:10     | Noticed a wizard
 11520 | D:10     | Killed a deep elf mage
 11532 | D:10     | Killed a wizard
 11532 | D:10     | Reached skill level 5 in Bows
 11536 | D:10     | Identified the Grimoire of Axaxaxas mlö
 11543 | D:10     | Identified the Catalogue of Plaster Cramp
 11580 | D:10     | Identified Sif Muna's Catalogue of Sand
 11633 | D:10     | Found a staircase to the Orcish Mines.
 11706 | D:10     | Reached ****** piety under Okawaru
 11958 | D:10     | Noticed a two-headed ogre
 11998 | D:10     | Killed a two-headed ogre
 12290 | D:11     | Noticed a wizard
 12296 | D:11     | Paralysed by a wizard for 2 turns
 12699 | D:11     | Reached skill level 9 in Invocations
 12708 | D:11     | Reached XP level 12. HP: 87/110 MP: 18/18
 12716 | D:11     | Reached skill level 4 in Dodging
 13025 | D:11     | Noticed Maurice
 13058 | D:11     | Killed Maurice
 13094 | D:11     | Reached skill level 6 in Bows
 13450 | D:11     | Reached skill level 5 in Armour
 13674 | Lair:1   | Entered Level 1 of the Lair of Beasts
 13780 | Lair:1   | Noticed a four-headed hydra
 13801 | Lair:1   | Killed a four-headed hydra
 14031 | Lair:1   | Reached skill level 7 in Bows
 14677 | Lair:2   | Received a gift from Okawaru
 14680 | Lair:2   | Got a bloodstained centaur barding {god gift}
 14691 | Lair:2   | Identified the +7 centaur barding "Elulunt" {rN++ Int-4 Slay+4 Stlth+} (Okawaru gifted it to you on level 2 of the Lair of Beasts)
 14701 | Lair:2   | Found a staircase to the Shoals.
 15007 | Lair:2   | Noticed a four-headed hydra
 15025 | Lair:2   | Killed a four-headed hydra
 15157 | Lair:2   | Reached skill level 5 in Dodging
 15181 | Lair:2   | Reached skill level 10 in Invocations
 15540 | Lair:3   | Noticed a four-headed hydra
 15551 | Lair:3   | Killed a four-headed hydra
 15551 | Lair:3   | Reached skill level 12 in Fighting
 15551 | Lair:3   | Reached skill level 8 in Bows
 15630 | Lair:3   | Reached XP level 13. HP: 106/118 MP: 20/20
 15739 | Lair:3   | Reached skill level 11 in Polearms
 15751 | Lair:3   | Reached skill level 6 in Armour
 15765 | Lair:3   | Noticed Gastronok
 15778 | Lair:3   | Killed Gastronok
 15778 | Lair:3   | Received a gift from Okawaru
 15782 | Lair:3   | Got a pair of shimmering gloves {god gift}
 15789 | Lair:3   | Identified the +0 pair of gloves "Aho Doom" {rN+} (Okawaru gifted it to you on level 3 of the Lair of Beasts)
 15819 | Lair:3   | Found a labyrinth entrance.
 15828 | Lab      | Entered a labyrinth
 16501 | Lab      | Noticed a minotaur
 16519 | Lab      | Killed a minotaur
 16521 | Lab      | Found the ring of Robustness {AC+8}
 16521 | Lab      | Got a flickering iron amulet
 16524 | Lab      | Identified the amulet of Oledwyci {Gourm rF+ MR+ MP+9 Str+3} (You found it in a labyrinth)
 16751 | Lair:3   | Reached skill level 9 in Bows
 16861 | Lair:3   | Found a staircase to the Snake Pit.
 16984 | Lair:3   | Noticed Fannar
 17005 | Lair:3   | Killed Fannar
 17555 | Lair:4   | Found a frozen archway.
 17564 | IceCv    | Entered an ice cave
 17718 | IceCv    | Killed a reaper
 17818 | IceCv    | Reached skill level 6 in Dodging
 18069 | IceCv    | Got spiked ice dragon scales
 18167 | Lair:4   | Identified the cursed +0 ice dragon scales of Dithmenos's Esteem {rF- rC++ Dex+4} (You found it in an ice cave)
 18375 | Lair:4   | Reached skill level 10 in Bows
 18513 | Lair:4   | Noticed a dire elephant
 18571 | Lair:4   | Killed a dire elephant
 18571 | Lair:4   | Received a gift from Okawaru
 18643 | Lair:4   | Reached skill level 7 in Armour
 18731 | Lair:4   | Received a gift from Okawaru
 18744 | Lair:4   | Reached XP level 14. HP: 119/127 MP: 21/21
 19339 | Lair:5   | Received a gift from Okawaru
 19477 | Lair:5   | Found a staircase to the Slime Pits.
 19904 | Lair:5   | Reached skill level 13 in Fighting
 19967 | Lair:5   | Received a gift from Okawaru
 20339 | Lair:6   | Entered Level 6 of the Lair of Beasts
 20413 | Lair:6   | Reached skill level 11 in Bows
 20444 | Lair:6   | Reached skill level 12 in Polearms
 20509 | Lair:6   | Reached skill level 7 in Dodging
 21063 | Lair:6   | Received a gift from Okawaru
 21183 | Lair:6   | Received a gift from Okawaru
 21302 | Lair:6   | Reached skill level 8 in Armour
 21446 | Lair:6   | Received a gift from Okawaru
 21449 | Lair:6   | Got a twisted shortbow {god gift}
 21450 | Lair:6   | Identified the +5 shortbow "Didwus" {speed, rF+ Str+3} (Okawaru gifted it to you on level 6 of the Lair of Beasts)
 21479 | Lair:6   | Got a translucent halberd
 21480 | Lair:6   | Identified the +3 halberd of Courage {freeze, Dex+6 Stlth+} (You found it on level 6 of the Lair of Beasts)
 21776 | Orc:1    | Entered Level 1 of the Orcish Mines
 21896 | D:10     | Reached skill level 12 in Bows
 22481 | Orc:2    | Entered Level 2 of the Orcish Mines
 22796 | Orc:2    | Found a staircase to the Elven Halls.
 23011 | Orc:2    | Reached XP level 15. HP: 115/137 MP: 22/22
 23031 | Orc:2    | Received a gift from Okawaru
 23069 | Orc:2    | Found Tonerheruhy's Weapon Emporium.
 23074 | Orc:2    | Found Qyssi's Magic Scroll Shop.
 23074 | Orc:2    | Found Etaxu's Distillery.
 23074 | Orc:2    | Found Soatuog's General Store.
 23097 | Orc:2    | Reached skill level 8 in Dodging
 23366 | Orc:2    | Bought a scroll of fear for 49 gold pieces
 23366 | Orc:2    | Bought a scroll of enchant armour for 105 gold pieces
 23366 | Orc:2    | Bought a scroll of summoning for 133 gold pieces
 23367 | Orc:2    | Bought a potion of invisibility for 128 gold pieces
 23367 | Orc:2    | Bought a potion of degeneration for 16 gold pieces
 23367 | Orc:2    | Bought a potion of mutation for 128 gold pieces
 23595 | D:12     | Noticed Nergalle
 23613 | D:12     | Killed Nergalle
 23730 | D:12     | Reached skill level 14 in Fighting
 23733 | D:12     | Identified the Catalogue of the Cloudy Voyage
 24130 | D:12     | Noticed Nib's ghost (journeyman MiCK)
 24168 | D:12     | Killed Nib's ghost
 24763 | D:13     | Received a gift from Okawaru
 24802 | D:13     | Reached skill level 13 in Bows
 24818 | D:13     | Noticed Josephine
 24825 | D:13     | Killed Josephine
 24825 | D:13     | Received a gift from Okawaru
 25189 | D:13     | Noticed Rupert
 25198 | D:13     | Paralysed by Rupert for 2 turns
 25204 | D:13     | Killed Rupert
 25204 | D:13     | Reached skill level 9 in Armour
 25809 | D:14     | Found a gate to the Vaults.
 26406 | D:15     | Entered Level 15 of the Dungeon
 26442 | D:15     | Reached XP level 16. HP: 98/147 MP: 23/23
 26685 | D:15     | Reached skill level 13 in Polearms
 26973 | D:15     | Received a gift from Okawaru
 27238 | D:15     | Reached skill level 9 in Dodging
 27441 | D:15     | Reached skill level 14 in Bows
 27458 | D:15     | Found a staircase to the Depths.
 27469 | D:15     | Received a gift from Okawaru
 28124 | Snake:1  | Entered Level 1 of the Snake Pit
 28221 | Snake:1  | Noticed Azrael
 28237 | Snake:1  | Killed Azrael
 28499 | Snake:1  | Found a deep blue altar of Sif Muna.
 29657 | Snake:2  | Received a gift from Okawaru
 29657 | Snake:2  | Reached skill level 15 in Fighting
 30319 | Snake:2  | Reached skill level 10 in Armour
 31267 | Snake:3  | Received a gift from Okawaru
 32076 | Snake:3  | Reached XP level 17. HP: 136/156 MP: 24/24
 32330 | Snake:4  | Entered Level 4 of the Snake Pit
 32410 | Snake:4  | Reached skill level 10 in Dodging
 32987 | Shoals:1 | Entered Level 1 of the Shoals
 33099 | Shoals:1 | Reached skill level 14 in Polearms
 33268 | Shoals:1 | Found Xiorot's Gadget Boutique.
 33294 | Shoals:1 | Found a gateway to a bazaar.
 33324 | Bazaar   | Entered a bazaar
 33327 | Bazaar   | Found Abuakea's Food Shop.
 33340 | Bazaar   | Found Ehecw's Weapon Shop.
 33354 | Bazaar   | Found Jioch's General Store.
 33383 | Bazaar   | Found Guqihara's Gadget Shop.
 33477 | Shoals:1 | Found Kuphah's Weapon Emporium.
 33906 | Shoals:2 | Received a gift from Okawaru
 34132 | Shoals:2 | Received a gift from Okawaru
 34411 | Shoals:2 | Received a gift from Okawaru
 34491 | Shoals:2 | Got an ancient robe {god gift}
 34665 | Shoals:2 | Noticed Kirke
 34677 | Shoals:2 | Killed Kirke
 34737 | Shoals:2 | Reached skill level 16 in Fighting
 35165 | Shoals:3 | Found Kojifoll's Magic Scroll Emporium.
 35177 | Shoals:3 | Bought a scroll of magic mapping for 52 gold pieces
 35177 | Shoals:3 | Bought a scroll of vulnerability for 112 gold pieces
 35177 | Shoals:3 | Bought a scroll of blinking for 112 gold pieces
 35177 | Shoals:3 | Bought a scroll of fog for 30 gold pieces
 35223 | Shoals:3 | Reached skill level 11 in Armour
 35632 | Shoals:3 | Found Ytwuph's Gadget Shop.
 35755 | Shoals:4 | Entered Level 4 of the Shoals
 35777 | Shoals:4 | Noticed Ilsuiw
 35791 | Shoals:4 | Killed Ilsuiw
 35962 | Shoals:4 | Found Feraeloz's Antique Weapon Shoppe.
 35995 | Shoals:4 | Identified the Handbook of Necromancy and Weightlessness
 36022 | Shoals:4 | Noticed a kraken
 36062 | Shoals:4 | HP: 38/158 [merfolk/trident (13)]
 36069 | Shoals:4 | HP: 33/158 [merfolk/tomahawk of returning (10)]
 36680 | Shoals:3 | Received a gift from Okawaru
 36863 | Shoals:4 | Reached XP level 18. HP: 137/166 MP: 25/25
 37287 | Shoals:4 | Reached skill level 11 in Dodging
 38183 | Shoals:4 | Reached skill level 15 in Polearms
 38387 | Shoals:4 | Got a barnacled rune of Zot
 38888 | Snake:4  | Noticed Mara
 38896 | Snake:4  | Noticed Mgcat's illusion
 38948 | Snake:4  | Killed Mara
 39918 | Snake:4  | Received a gift from Okawaru
 40227 | Snake:4  | Reached skill level 17 in Fighting
 40268 | Snake:4  | Received a gift from Okawaru
 40482 | Snake:4  | Reached skill level 12 in Armour
 40496 | Snake:4  | Received a gift from Okawaru
 40646 | Snake:4  | Got a serpentine rune of Zot
 41070 | Vaults:1 | Entered Level 1 of the Vaults
 41070 | Vaults:1 | Found Gaiga's Assorted Antiques.
 41081 | Vaults:1 | Reached XP level 19. HP: 177/177 MP: 26/26
 41112 | Vaults:1 | Bought a scroll of enchant armour for 255 gold pieces
 41234 | Vaults:1 | Received a gift from Okawaru
 41478 | Vaults:1 | Reached skill level 12 in Dodging
 41549 | Vaults:1 | Noticed Saint Roka
 41867 | Vaults:1 | Killed Saint Roka
 42066 | Vaults:1 | Noticed Aizul
 42085 | Vaults:1 | Killed Aizul
 43158 | Vaults:2 | Reached skill level 16 in Polearms
 43285 | Vaults:2 | Found an ancient bone altar of Kikubaaqudgha.
 43308 | Vaults:2 | Received a gift from Okawaru
 43534 | Vaults:2 | Received a gift from Okawaru
 43915 | Vaults:2 | Noticed a bone dragon
 43933 | Vaults:2 | Killed a bone dragon
 43933 | Vaults:2 | Received a gift from Okawaru
 43941 | Vaults:2 | Found a staircase to the Crypt.
 44037 | Vaults:2 | Reached skill level 18 in Fighting
 44047 | Vaults:2 | Received a gift from Okawaru
 45600 | Vaults:3 | Received a gift from Okawaru
 45600 | Vaults:3 | Reached XP level 20. HP: 176/187 MP: 27/27
 46787 | Vaults:4 | Reached skill level 17 in Polearms
 46809 | Vaults:4 | Found Hysk's Book Boutique.
 47317 | Vaults:4 | Received a gift from Okawaru
 47329 | Vaults:4 | Got a steaming shield {god gift}
 47330 | Vaults:4 | Identified the +0 shield "Byffur" {MR+} (Okawaru gifted it to you on level 4 of the Vaults)
 47929 | Vaults:4 | Reached skill level 18 in Polearms
 48284 | Depths:1 | Entered Level 1 of the Depths
 48482 | Depths:1 | Found a one-way gate leading to the halls of Pandemonium.
 48512 | Depths:1 | Found a gateway to a ziggurat.
 49355 | Depths:1 | Found a gateway to Hell.
 49360 | Depths:1 | Found the +27 Lear's hauberk
 49685 | Depths:1 | Reached skill level 19 in Polearms
 49685 | Depths:1 | Reached XP level 21. HP: 187/194 MP: 28/28
 49929 | Depths:2 | Received a gift from Okawaru
 49941 | Depths:2 | Found Arphuc's Jewellery Boutique.
 50101 | Depths:2 | Found Jujof's General Store.
 50791 | Depths:2 | Found a runed door.
 50791 | Depths:2 | Found a runed door.
 50805 | Depths:2 | Noticed Sojobo
 50832 | Depths:2 | Killed Sojobo
 50832 | Depths:2 | Reached skill level 20 in Polearms
 50855 | Depths:2 | Paralysed by a floating eye for 2 turns
 50984 | Depths:2 | Received a gift from Okawaru
 50997 | Depths:2 | Got a translucent glaive {god gift}
 50999 | Depths:2 | Identified the +2 glaive "Joarer" {freeze, rPois MR+ Str-2 Dex+7} (Okawaru gifted it to you on level 2 of the Depths)
 51264 | Depths:2 | Got a wavering iron ring
 51312 | Depths:2 | Found Wupot's Assorted Antiques.
 51329 | Depths:2 | Bought a potion of might for 172 gold pieces
 51329 | Depths:2 | Bought a scroll of enchant weapon for 322 gold pieces
 51342 | Depths:2 | Noticed Asterion
 51358 | Depths:2 | Killed Asterion
 51454 | Depths:2 | Found Baytu's General Store.
 51457 | Depths:2 | Bought the ring of Atheism {*Corrode rF+ rC+++ MP+9 Int+3} for 1991 gold pieces
 51458 | Depths:2 | Identified the ring "Peninod" {+Fly rPois Dex+4} (You took it off a frost giant on level 2 of the Depths)
 51509 | Depths:2 | Found a runed door.
 51509 | Depths:2 | Noticed a caustic shrike
 51525 | Depths:2 | Got a creamy pearl robe
 51771 | Depths:2 | Found Nanamap's Assorted Antiques.
 51780 | Depths:2 | Bought a scroll labeled HOLIARH QIUN for 33 gold pieces
 52576 | Depths:3 | Received a gift from Okawaru
 52791 | Depths:3 | Reached skill level 21 in Polearms
 52914 | Depths:3 | Received a gift from Okawaru
 53111 | Depths:2 | Reached skill level 13 in Armour
 53172 | Depths:2 | Got a clouded bone ring
 53390 | Depths:3 | Received a gift from Okawaru
 53737 | Depths:3 | Paralysed by a floating eye for 3 turns
 53804 | Depths:3 | Reached XP level 22. HP: 173/202 MP: 29/29
 53978 | Depths:3 | Reached skill level 13 in Dodging
 54034 | Depths:3 | Identified the ring "Juahiulo" {rF+ Dex+6} (You took it off a frost giant on level 2 of the Depths)
 54972 | Depths:4 | Received a gift from Okawaru
 54978 | Depths:4 | HP: 42/203 [flayed ghost/flay_damage (22)]
 55641 | Depths:4 | Received a gift from Okawaru
 55896 | Depths:4 | Noticed an ancient lich
 55910 | Depths:4 | Killed an ancient lich
 55910 | Depths:4 | Received a gift from Okawaru
 56113 | Depths:4 | Found a one-way gate to the infinite horrors of the Abyss.
 56382 | Depths:5 | Entered Level 5 of the Depths
 56386 | Depths:5 | Noticed a caustic shrike
 56414 | Depths:4 | Killed a caustic shrike
 56414 | Depths:4 | Received a gift from Okawaru
 56417 | Depths:4 | Got a smoking crystal plate armour {god gift}
 56428 | Depths:4 | Identified the +0 crystal plate armour of Weightlessness {rCorr} (Okawaru gifted it to you on level 4 of the Depths)
 56844 | Depths:5 | Got a brightly glowing helmet
 56855 | Depths:5 | Identified the cursed +0 helmet of Temperance {Int+4} (You found it on level 5 of the Depths)
 57038 | Depths:5 | Noticed a golden dragon
 57053 | Depths:5 | Killed a golden dragon
 57132 | Depths:5 | Reached skill level 19 in Fighting
 57547 | Depths:5 | Reached XP level 23. HP: 212/213 MP: 30/30
 57637 | Depths:5 | Noticed a caustic shrike
 57651 | Depths:5 | Noticed a caustic shrike
 57661 | Depths:5 | Killed a caustic shrike
 57668 | Depths:5 | Killed a caustic shrike
 57679 | Depths:5 | Reached skill level 14 in Armour
 57939 | Depths:5 | Found Pirghouky's Book Emporium.
 57941 | Depths:5 | Found Ceudwape's Armour Shoppe.
 57943 | Depths:5 | Found Acu Qadoss's Distillery.
 58042 | Depths:5 | Received a gift from Okawaru
 58195 | Depths:5 | Found a gate to the Realm of Zot.
 58630 | Vaults:5 | Entered Level 5 of the Vaults
 58630 | Vaults:5 | Noticed an ancient lich
 58646 | Vaults:5 | Received a gift from Okawaru
 58717 | Vaults:5 | Received a gift from Okawaru
 58717 | Vaults:5 | Reached skill level 14 in Dodging
 58776 | Vaults:5 | Received a gift from Okawaru
 58802 | Vaults:5 | Killed an ancient lich
 58802 | Vaults:5 | Received a gift from Okawaru
 58946 | Vaults:5 | Reached skill level 22 in Polearms
 58946 | Vaults:5 | HP: 49/213 [stone giant (6)]
 59206 | Vaults:5 | Received a gift from Okawaru
 59673 | Vaults:5 | Received a gift from Okawaru
 59709 | Vaults:5 | Got a blackened centaur barding {god gift}
 59786 | Vaults:5 | Identified the +0 centaur barding of the Nexus {+Blink rN+ Regen+} (Okawaru gifted it to you on level 5 of the Vaults)
 60172 | Vaults:5 | Reached XP level 24. HP: 206/223 MP: 30/30
 60376 | Vaults:5 | Reached skill level 20 in Fighting
 60799 | Vaults:5 | Got a silver rune of Zot
 61020 | Vaults:5 | Reached skill level 15 in Dodging
 61316 | Zot:1    | Entered Level 1 of the Realm of Zot
 61351 | Zot:1    | Reached skill level 15 in Armour
 61363 | Zot:1    | Received a gift from Okawaru
 61370 | Zot:1    | Got a fine trident {god gift}
 61371 | Zot:1    | Identified the +5 trident of Wasoin {pierce, Dex+3} (Okawaru gifted it to you on level 1 of the Realm of Zot)
 62200 | Zot:1    | Received a gift from Okawaru
 62584 | Zot:1    | Noticed an orb of fire
 62584 | Zot:1    | Noticed an orb of fire
 62587 | Zot:1    | Gained mutation: Your muscles are strong. (Str +2) [an orb of fire]
 62601 | Zot:1    | HP: 44/225 [orb of fire/fireball (17)]
 62602 | Zot:1    | Gained mutation: You tend to lose your temper in combat. [an orb of fire]
 62607 | Zot:1    | Killed an orb of fire
 62610 | Zot:1    | Gained mutation: Your skin changes colour to match your surroundings (Stealth+). [an orb of fire]
 62618 | Zot:1    | Killed an orb of fire
 62622 | Zot:1    | HP: 52/225 [efreet/scimitar of flaming (10)]
 63089 | Zot:2    | Received a gift from Okawaru
 63690 | Zot:2    | Reached skill level 16 in Dodging
 63894 | Zot:3    | Reached XP level 25. HP: 200/233 MP: 30/30
 63937 | Zot:3    | Noticed an orb of fire
 63940 | Zot:3    | Gained mutation: Your spells are a little easier to cast, but a little less powerful. [an orb of fire]
 63948 | Zot:3    | Killed an orb of fire
 63990 | Zot:3    | HP: 55/234 [Killer Klown (8)]
 64002 | Zot:3    | Received a gift from Okawaru
 64047 | Zot:3    | HP: 53/234 [green draconian annihilator/bolt of lightning (16)]
 64368 | Zot:3    | Reached skill level 23 in Polearms
 64370 | Zot:3    | Reached skill level 21 in Fighting
 65098 | Zot:3    | Reached skill level 16 in Armour
 65280 | Zot:3    | Received a gift from Okawaru
 65282 | Zot:3    | Reached skill level 17 in Dodging
 65311 | Zot:3    | Got a transparent chain mail {god gift}
 66249 | Zot:4    | Found a transporter.
 66335 | Zot:4    | Reached XP level 26. HP: 239/245 MP: 30/30
 67100 | Zot:4    | Found a transporter.
 67243 | Zot:5    | Entered Level 5 of the Realm of Zot
 67323 | Zot:5    | Noticed PeterLawrence's ghost (legendary MiFi)
 67326 | Zot:5    | Received a gift from Okawaru
 67351 | Zot:5    | HP: 45/246 [electric golem/bolt of lightning (18)]
 67354 | Zot:5    | HP: 12/246 [electric golem/bolt of lightning (26)]
 67356 | Zot:5    | Killed from afar by an electric golem

Vault maps used:
D:1:      elethiomel_arrival_infinity_welcomes_careful_drivers, serial_bayou,
          serial_bayou_pond_d, serial_bayou_pond_a, serial_bayou_shore_b,
          serial_bayou_pond_a, serial_bayou_pond_c
D:3:      nicolae_overflow_crystal_walls, overflow_temple_1_default,
          uniq_crazy_yiuf_cottage, uniq_robin
D:4:      first_ration, minmay_joined_circles
D:5:      kennysheep_windowed_halls, minmay_temple_entry_butterflies,
          basic_altar, uniq_grinder, uniq_edmund
D:6:      lemuel_round_altar, chequers_temple_overflow_statue_of_worship,
          uniq_pikel
D:7:      minivault_4
D:8:      nicolae_overflow_hidden_temple, dpeg_oklobed_lair, the_bakery,
          uniq_joseph
D:9:      uniq_grum
D:10:     orc_david_3, bh_hangedman_babel_library
D:11:     uniq_maurice
D:12:     minmay_wavy_crystal, uniq_nergalle
D:13:     uniq_josephine, uniq_rupert
D:14:     erik_vaults_1, grunt_decor_mini_mirrors, minmay_statue_bubble
D:15:     grunt_enter_depths_magical_seal
Temple:   eino_temple_rhombus
Lair:1:   st_stairs_9, infiniplex_staircase_pool_2, grunt_megastairs_5,
          lemuel_fruit_tree
Lair:2:   elwin_shoals_entry_rooms
Lair:3:   guppyfry_snake_entry_garden, lab_entry_generic,
          nicolae_quartered_pool_super, kennysheep_catoblepas_arena,
          grunt_megastairs_3, uniq_fannar, uniq_gastronok
Lair:4:   beast_lair_carwin_large_1, portal_ice_cave_rime
Lair:5:   nicolae_slime_entry_slimehenge, lookout_lair_type, grunt_megastairs_2,
          serial_bayou_shore_a, serial_bayou_shore_b
Lair:6:   minmay_lair_end_enchanted_forest, kennysheep_basilisk_garden
Shoals:1: serial_shops, bzr_entry_safe,
          nicolae_shop_temple_entry_statues_fountains, nicolae_shop_waterfront,
          nicolae_shoals_siren_and_animal_friends
Shoals:2: st_cyclops, uniq_kirke
Shoals:3: serial_shops, shop, nicolae_shop_window_shopping,
          nicolae_shoals_aquamancer_cove
Shoals:4: shoals_end_hangedman, shoals_ilsuiw_ice, serial_shops,
          nicolae_shop_window_shopping, nicolae_shoals_seven_spires
Snake:1:  basic_altar, serial_bayou_lake_a, uniq_azrael
Snake:4:  grunt_snake_rune_pools, special_room, grunt_ministairs_6, uniq_mara
Orc:1:    nicolae_orc_rockfall, nicolae_orc_crystal_geode
Orc:2:    st_orc_ogre_mass
Vaults:1: v_misc_10, hangedman_vaults_stitches, v_pattern_3, st_eye,
          nicolae_vaults_network_barrier, nicolae_vaults_diagonal_hallway_7,
          hangedman_vaults_unwind, v_alt_pattern_4, v_misc_18,
          nicolae_vaults_diagonal_hallway_7, serial_shops, shop,
          uniq_saint_roka, uniq_aizul
Vaults:2: v_pattern_2, v_misc_32, ontoclasm_vaults_misaligned,
          nicolae_vaults_back_hallway, ontoclasm_vaults_tryst, v_misc_8,
          v_misc_22, minmay_crypt_entry_nasty_monster, vaults_mumra_bighexcomb,
          ontoclasm_vaults_shuriken, vaults_standard_mumra_lines,
          vaults_room_fours, basic_altar
Vaults:3: vaults_dpeg_ring, vaults_dpeg_cross, hangedman_vaults_trim,
          vaults_mumra_chevron, v_misc_8, nicolae_vaults_little_squares_4,
          hangedman_vaults_pinch, ontoclasm_vaults_loading_screen,
          nicolae_vaults_shelves_hall, nicolae_vaults_diagonal_hallway_6,
          hangedman_vaults_impose, hangedman_vaults_slice,
          nicolae_vaults_little_squares_5, ontoclasm_vaults_misaligned,
          nicolae_vaults_border_crossing, vaults_room_stairs_pillars
Vaults:4: vaults_room_boxed, st_cross, ontoclasm_vaults_pinch,
          hangedman_vaults_stagger, nicolae_vaults_twisting_passages,
          ontoclasm_vaults_loading_screen, v_misc_5, v_rooms_2,
          vaults_standard_mumra_x, nicolae_vaults_asterisk,
          nicolae_vaults_asterisk, serial_shops, nicolae_shop_stone
Vaults:5: serial_shops
Depths:1: enter_ziggurat_f, serial_curves, eino_curves_02, eino_curves_02,
          lightli_too_deep, pan_entry, kennysheep_generic_room_5
Depths:2: minmay_the_grid_triangle_9x9_rhombus_thin_mashed, serial_shops,
          nicolae_shop_window_shopping, shop_fountains,
          nicolae_shop_temple_entry_statues_fountains,
          nicolae_shop_behind_doors, shop, hangedman_coc_ice_floe,
          kennysheep_minor_cross, evilmike_butchery, uniq_sojobo, uniq_asterion
Depths:3: minmay_nine_rooms, grunt_pan_entry_zigzag, hell_entry,
          roderic_serpentine_path, infiniplex_staircase_split_hallway
Depths:4: lemuel_river_lethe, abyss_entry, hell_entry, serial_shops, pan_entry
Depths:5: evilmike_zot_entry_basic, pan_entry, hell_entry,
          hangedman_decor_clover_reticule, minmay_serpent_palace,
          minmay_shop_star, serial_bayou_shore_b
Zot:1:    lemuel_firehouse
Zot:3:    grunt_deathspiral_small
Zot:4:    gammafunk_dig_for_victory
Lab:      nicolae_lab_hexagon, nicolae_lab_do_over, lab_fountain
Bazaar:   bazaar_jpeg_honeycomb
IceCv:    ice_cave_small_demon

Skill      XL: |  1  2  3  4  5  6  7  8  9 10 11 12 13 14 15 16 17 18 19 20 21 22 23 24 25 |
---------------+----------------------------------------------------------------------------+-----
Polearms       | 2 3 4 5 6 7 8 9 10 11 12 13 14 15 16 19 21 22 23 | 23.6
Fighting       | 4 5 6 7 8 9 10 11 12 13 14 15 16 17 18 19 20 21 | 21.8
Invocations    | 3 6 7 9 10 | 10.0
Dodging        | 2 3 5 6 7 8 9 10 11 12 13 14 16 17 | 17.4
Armour         | 3 4 5 7 8 9 10 11 12 13 14 15 16 | 16.4
Bows           | 2 5 8 10 12 13 14 | 14.0
Shields        | |  2.1

Action                   |  1- 3 |  4- 6 |  7- 9 | 10-12 | 13-15 | 16-18 | 19-21 | 22-24 | 25-27 || total
-------------------------+-------+-------+-------+-------+-------+-------+-------+-------+-------++-------
Melee: Trident           |   131 |   153 |     4 |       |       |       |       |       |       ||   288
       Kick              |    18 |    34 |    88 |   310 |   436 |   322 |   720 |   655 |   209 ||  2792
       Spear             |       |    59 |   426 |  1129 |   875 |       |       |       |       ||  2489
       Halberd           |       |       |       |       |   421 |  1095 |  1296 |       |       ||  2812
       Glaive            |       |       |       |       |       |       |   347 |  1320 |       ||  1667
       Bardiche          |       |       |       |       |       |       |       |   242 |   495 ||   737
 Fire: Shortbow          |       |       |       |    39 |   130 |   711 |   178 |     3 |    26 ||  1087
Invok: Heroism           |       |       |       |     2 |     1 |     8 |    12 |    13 |     9 ||    45
       Finesse           |       |       |       |       |     1 |     6 |     6 |    13 |     6 ||    32
Evoke: Wand              |       |       |       |     5 |    10 |     8 |       |       |     1 ||    24
       Box of beasts     |       |       |       |       |       |       |     1 |       |       ||     1
  Use: Potion            |       |     3 |       |     3 |       |     8 |     6 |    14 |     1 ||    35
       Scroll            |       |       |    17 |     6 |     9 |    11 |    15 |    11 |     3 ||    72
 Stab: Distracted        |       |       |     1 |       |       |       |     4 |       |       ||     5
       Petrified         |       |       |       |       |     5 |       |       |       |       ||     5
  Eat: Chunk             |     1 |     6 |    10 |    23 |    37 |    36 |    37 |    30 |     9 ||   189
       Ration            |       |       |       |     1 |     3 |       |       |       |       ||     4
Armor: Scale mail        |    56 |    58 |       |       |       |       |       |       |       ||   114
       Plate armour      |       |     7 |   142 |   490 |   614 |   694 |   621 |   226 |       ||  2794
       Crystal plate arm |       |       |       |       |       |       |       |   629 |   252 ||   881
Dodge: Dodged            |    33 |    43 |    52 |   129 |   227 |   371 |   405 |   430 |   139 ||  1829
Block: Shield            |    25 |       |       |       |       |       |       |       |       ||    25

Table legend:
 A = Spawn XP
 B = Non-spawn XP
 C = Spawn XP percentage of total XP
 D = Spawn monster count
 E = Non-spawn monster count
 F = Spawn count percentage of total count
 G = Total turns spent on level
                    A         B        C        D         E        F      G
               +---------+---------+-------+---------+---------+-------+---------
         Total |       0 | 1359944 |   0.0 |       0 |    2185 |   0.0 | 67356
               +---------+---------+-------+---------+---------+-------+---------
           D:1 |       0 |      35 |   0.0 |       0 |      17 |   0.0 |   863
           D:2 |       0 |      71 |   0.0 |       0 |      23 |   0.0 |   659
           D:3 |       0 |     220 |   0.0 |       0 |      40 |   0.0 |  1747
           D:4 |       0 |     938 |   0.0 |       0 |      20 |   0.0 |  1481
           D:5 |       0 |    1819 |   0.0 |       0 |      39 |   0.0 |  1753
           D:6 |       0 |    2161 |   0.0 |       0 |      31 |   0.0 |   862
           D:7 |       0 |    1843 |   0.0 |       0 |      17 |   0.0 |   982
           D:8 |       0 |    2178 |   0.0 |       0 |      33 |   0.0 |  1731
           D:9 |       0 |    6271 |   0.0 |       0 |      43 |   0.0 |  1683
          D:10 |       0 |    7522 |   0.0 |       0 |      51 |   0.0 |  1796
          D:11 |       0 |    4723 |   0.0 |       0 |      33 |   0.0 |  1025
          D:12 |       0 |    7567 |   0.0 |       0 |      18 |   0.0 |  1234
          D:13 |       0 |   14535 |   0.0 |       0 |      39 |   0.0 |   969
          D:14 |       0 |    9821 |   0.0 |       0 |      24 |   0.0 |  1341
          D:15 |       0 |   20318 |   0.0 |       0 |      39 |   0.0 |  1839
        Lair:1 |       0 |    4149 |   0.0 |       0 |      18 |   0.0 |   893
        Lair:2 |       0 |    5342 |   0.0 |       0 |      22 |   0.0 |   990
        Lair:3 |       0 |   13115 |   0.0 |       0 |      35 |   0.0 |  1402
        Lair:4 |       0 |   12032 |   0.0 |       0 |      30 |   0.0 |  1136
        Lair:5 |       0 |    6467 |   0.0 |       0 |      29 |   0.0 |  1054
        Lair:6 |       0 |   18705 |   0.0 |       0 |      79 |   0.0 |  1271
      Shoals:1 |       0 |    9343 |   0.0 |       0 |      18 |   0.0 |   833
      Shoals:2 |       0 |   29414 |   0.0 |       0 |      53 |   0.0 |  1206
      Shoals:3 |       0 |   14824 |   0.0 |       0 |      26 |   0.0 |  1595
      Shoals:4 |       0 |   42136 |   0.0 |       0 |      75 |   0.0 |  1966
       Snake:1 |       0 |   13974 |   0.0 |       0 |      28 |   0.0 |  1718
       Snake:2 |       0 |   18084 |   0.0 |       0 |      31 |   0.0 |  1395
       Snake:3 |       0 |   14521 |   0.0 |       0 |      29 |   0.0 |  1346
       Snake:4 |       0 |   62957 |   0.0 |       0 |      86 |   0.0 |  2535
         Orc:1 |       0 |    2356 |   0.0 |       0 |      29 |   0.0 |   528
         Orc:2 |       0 |   20119 |   0.0 |       0 |      67 |   0.0 |  1040
      Vaults:1 |       0 |   57414 |   0.0 |       0 |      82 |   0.0 |  1872
      Vaults:2 |       0 |   40595 |   0.0 |       0 |      63 |   0.0 |  1895
      Vaults:3 |       0 |   31107 |   0.0 |       0 |      55 |   0.0 |  1314
      Vaults:4 |       0 |   42416 |   0.0 |       0 |      65 |   0.0 |  1476
      Vaults:5 |       0 |  161137 |   0.0 |       0 |     130 |   0.0 |  2428
      Depths:1 |       0 |   43854 |   0.0 |       0 |      65 |   0.0 |  1355
      Depths:2 |       0 |   77797 |   0.0 |       0 |      66 |   0.0 |  2579
      Depths:3 |       0 |   75513 |   0.0 |       0 |     115 |   0.0 |  2137
      Depths:4 |       0 |   53608 |   0.0 |       0 |      93 |   0.0 |  2506
      Depths:5 |       0 |   76628 |   0.0 |       0 |      86 |   0.0 |  1482
         Zot:1 |       0 |   67319 |   0.0 |       0 |      56 |   0.0 |  1609
         Zot:2 |       0 |   43864 |   0.0 |       0 |      23 |   0.0 |   774
         Zot:3 |       0 |  152969 |   0.0 |       0 |      93 |   0.0 |  2205
         Zot:4 |       0 |   44907 |   0.0 |       0 |      27 |   0.0 |  1176
         Zot:5 |       0 |   16511 |   0.0 |       0 |       9 |   0.0 |   113
           Lab |       0 |    2619 |   0.0 |       0 |       8 |   0.0 |   861
         IceCv |       0 |    4126 |   0.0 |       0 |      27 |   0.0 |   592
               +---------+---------+-------+---------+---------+-------+---------

Vault maps used:
D:1:      elethiomel_arrival_infinity_welcomes_careful_drivers, serial_bayou,
          serial_bayou_pond_d, serial_bayou_pond_a, serial_bayou_shore_b,
          serial_bayou_pond_a, serial_bayou_pond_c
D:3:      nicolae_overflow_crystal_walls, overflow_temple_1_default,
          uniq_crazy_yiuf_cottage, uniq_robin
D:4:      first_ration, minmay_joined_circles
D:5:      kennysheep_windowed_halls, minmay_temple_entry_butterflies,
          basic_altar, uniq_grinder, uniq_edmund
D:6:      lemuel_round_altar, chequers_temple_overflow_statue_of_worship,
          uniq_pikel
D:7:      minivault_4
D:8:      nicolae_overflow_hidden_temple, dpeg_oklobed_lair, the_bakery,
          uniq_joseph
D:9:      uniq_grum
D:10:     orc_david_3, bh_hangedman_babel_library
D:11:     uniq_maurice
D:12:     minmay_wavy_crystal, uniq_nergalle
D:13:     uniq_josephine, uniq_rupert
D:14:     erik_vaults_1, grunt_decor_mini_mirrors, minmay_statue_bubble
D:15:     grunt_enter_depths_magical_seal
Temple:   eino_temple_rhombus
Lair:1:   st_stairs_9, infiniplex_staircase_pool_2, grunt_megastairs_5,
          lemuel_fruit_tree
Lair:2:   elwin_shoals_entry_rooms
Lair:3:   guppyfry_snake_entry_garden, lab_entry_generic,
          nicolae_quartered_pool_super, kennysheep_catoblepas_arena,
          grunt_megastairs_3, uniq_fannar, uniq_gastronok
Lair:4:   beast_lair_carwin_large_1, portal_ice_cave_rime
Lair:5:   nicolae_slime_entry_slimehenge, lookout_lair_type, grunt_megastairs_2,
          serial_bayou_shore_a, serial_bayou_shore_b
Lair:6:   minmay_lair_end_enchanted_forest, kennysheep_basilisk_garden
Shoals:1: serial_shops, bzr_entry_safe,
          nicolae_shop_temple_entry_statues_fountains, nicolae_shop_waterfront,
          nicolae_shoals_siren_and_animal_friends
Shoals:2: st_cyclops, uniq_kirke
Shoals:3: serial_shops, shop, nicolae_shop_window_shopping,
          nicolae_shoals_aquamancer_cove
Shoals:4: shoals_end_hangedman, shoals_ilsuiw_ice, serial_shops,
          nicolae_shop_window_shopping, nicolae_shoals_seven_spires
Snake:1:  basic_altar, serial_bayou_lake_a, uniq_azrael
Snake:4:  grunt_snake_rune_pools, special_room, grunt_ministairs_6, uniq_mara
Orc:1:    nicolae_orc_rockfall, nicolae_orc_crystal_geode
Orc:2:    st_orc_ogre_mass
Vaults:1: v_misc_10, hangedman_vaults_stitches, v_pattern_3, st_eye,
          nicolae_vaults_network_barrier, nicolae_vaults_diagonal_hallway_7,
          hangedman_vaults_unwind, v_alt_pattern_4, v_misc_18,
          nicolae_vaults_diagonal_hallway_7, serial_shops, shop,
          uniq_saint_roka, uniq_aizul
Vaults:2: v_pattern_2, v_misc_32, ontoclasm_vaults_misaligned,
          nicolae_vaults_back_hallway, ontoclasm_vaults_tryst, v_misc_8,
          v_misc_22, minmay_crypt_entry_nasty_monster, vaults_mumra_bighexcomb,
          ontoclasm_vaults_shuriken, vaults_standard_mumra_lines,
          vaults_room_fours, basic_altar
Vaults:3: vaults_dpeg_ring, vaults_dpeg_cross, hangedman_vaults_trim,
          vaults_mumra_chevron, v_misc_8, nicolae_vaults_little_squares_4,
          hangedman_vaults_pinch, ontoclasm_vaults_loading_screen,
          nicolae_vaults_shelves_hall, nicolae_vaults_diagonal_hallway_6,
          hangedman_vaults_impose, hangedman_vaults_slice,
          nicolae_vaults_little_squares_5, ontoclasm_vaults_misaligned,
          nicolae_vaults_border_crossing, vaults_room_stairs_pillars
Vaults:4: vaults_room_boxed, st_cross, ontoclasm_vaults_pinch,
          hangedman_vaults_stagger, nicolae_vaults_twisting_passages,
          ontoclasm_vaults_loading_screen, v_misc_5, v_rooms_2,
          vaults_standard_mumra_x, nicolae_vaults_asterisk,
          nicolae_vaults_asterisk, serial_shops, nicolae_shop_stone
Vaults:5: serial_shops
Depths:1: enter_ziggurat_f, serial_curves, eino_curves_02, eino_curves_02,
          lightli_too_deep, pan_entry, kennysheep_generic_room_5
Depths:2: minmay_the_grid_triangle_9x9_rhombus_thin_mashed, serial_shops,
          nicolae_shop_window_shopping, shop_fountains,
          nicolae_shop_temple_entry_statues_fountains,
          nicolae_shop_behind_doors, shop, hangedman_coc_ice_floe,
          kennysheep_minor_cross, evilmike_butchery, uniq_sojobo, uniq_asterion
Depths:3: minmay_nine_rooms, grunt_pan_entry_zigzag, hell_entry,
          roderic_serpentine_path, infiniplex_staircase_split_hallway
Depths:4: lemuel_river_lethe, abyss_entry, hell_entry, serial_shops, pan_entry
Depths:5: evilmike_zot_entry_basic, pan_entry, hell_entry,
          hangedman_decor_clover_reticule, minmay_serpent_palace,
          minmay_shop_star, serial_bayou_shore_b
Zot:1:    lemuel_firehouse
Zot:3:    grunt_deathspiral_small
Zot:4:    gammafunk_dig_for_victory
Lab:      nicolae_lab_hexagon, nicolae_lab_do_over, lab_fountain
Bazaar:   bazaar_jpeg_honeycomb
IceCv:    ice_cave_small_demon

Table legend:
 A = Turns spent in this place as a percentage of turns spent in the entire game.
 B = Non-inter-level travel turns spent in this place as a percentage of non-inter-level travel turns spent in the entire game.
 C = Inter-level travel turns spent in this place as a percentage of turns spent in this place.
 D = Turns resting spent in this place as a percentage of non-inter-level travel turns spent in this place.
 E = Turns spent auto-exploring this place as a percentage of non-inter-level travel turns spent in this place.
 F = Non-inter-level travel turns spent in this place divided by the number of levels of this place that you've seen.
                   A       B       C       D       E      F
               +-------+-------+-------+-------+-------+----------------------
         Total | 100.0 | 100.0 |   7.8 |   6.0 |  66.1 | 1241.8
       Dungeon |  29.6 |  28.3 |  12.0 |   5.3 |  71.4 | 1171.6
        Temple |   0.0 |   0.0 |  76.9 |   0.0 |   0.0 |   3.0
          Lair |  10.0 |   9.8 |   9.5 |   0.0 |  67.5 | 1018.0
        Shoals |   8.3 |   8.5 |   5.3 |  10.8 |  64.1 | 1325.8
     Snake Pit |  10.4 |  10.5 |   6.8 |   6.6 |  72.4 | 1629.2
  Orcish Mines |   2.3 |   2.5 |   2.9 |   0.3 |  71.8 | 761.5
        Vaults |  13.3 |  13.2 |   8.6 |   0.9 |  68.1 | 1642.8
        Depths |  14.9 |  15.5 |   4.1 |   7.7 |  61.5 | 1929.0
           Zot |   8.7 |   9.1 |   3.8 |  12.0 |  61.9 | 1131.0
     Labyrinth |   1.3 |   1.4 |   0.0 |  18.4 |   0.0 | 861.0
        Bazaar |   0.1 |   0.2 |   0.0 |   0.0 |  74.0 |  96.0
      Ice Cave |   0.9 |   1.0 |   0.0 |  24.2 |  12.0 | 592.0
               +-------+-------+-------+-------+-------+----------------------

Table legend:
 A = Kills in this place as a percentage of kills in entire the game.
 B = Kills by you in this place as a percentage of kills by you in the entire game.
 C = Kills by friends in this place as a percentage of kills by friends in the entire game.
 D = Other kills in this place as a percentage of other kills in the entire game.
 E = Experience gained in this place as a percentage of experience gained in the entire game.
 F = Experience gained in this place divided by the number of levels of this place that you have seen.
                   A       B       C       D       E      F
               +-------+-------+-------+-------+-------+----------------------
         Total | 100.0 | 100.0 | 100.0 | 100.0 | 100.0 | 27198.9
       Dungeon |  21.4 |  21.4 |   0.0 |  28.6 |   5.9 | 5334.8
          Lair |   9.7 |   9.8 |   0.0 |   0.0 |   4.4 | 9968.3
        Shoals |   7.9 |   7.6 | 100.0 |  28.6 |   7.0 | 23929.2
     Snake Pit |   8.0 |   8.0 |   0.0 |   0.0 |   8.1 | 27384.0
  Orcish Mines |   4.4 |   4.4 |   0.0 |   0.0 |   1.7 | 11237.5
        Vaults |  18.1 |  18.2 |   0.0 |   0.0 |  24.5 | 66533.8
        Depths |  19.5 |  19.5 |   0.0 |  14.3 |  24.1 | 65480.0
           Zot |   9.5 |   9.5 |   0.0 |  28.6 |  23.9 | 65114.0
     Labyrinth |   0.4 |   0.4 |   0.0 |   0.0 |   0.2 | 2619.0
      Ice Cave |   1.2 |   1.2 |   0.0 |   0.0 |   0.3 | 4126.0
               +-------+-------+-------+-------+-------+----------------------
